 Dungeon Crawl Stone Soup version 0.29.1-15-g9cfb28693d (webtiles) character file.

Game seed: 9762103837250372952

1 Barneous the Chiller (level 1, -2/16 HPs)
             Began as a Draconian Wanderer on Mar 24, 2023.
             Slain by a ball python (3 damage)
             ... on level 1 of the Dungeon.
             The game lasted 00:00:34 (143 turns).

Barneous the Chiller (Draconian Wanderer)            Turns: 143, Time: 00:00:35

Health: -2/16      AC:  5    Str: 14    XL:     1   Next: 16%
Magic:  2/2        EV:  9    Int: 13    God:
Gold:   0          SH:  0    Dex:  9    Spells: 1/2 levels left

rFire   . . .      SeeInvis .   a - +0 club
rCold   . . .      Faith    .   (no shield)
rNeg    . . .      Spirit   .   (body armour unavailable)
rPois   .          Reflect  .   (helmet restricted)
rElec   .          Harm     .   (no cloak)
rCorr   .          Rampage  .   b - +0 pair of gloves
Will    .....                   (no boots)
Stlth   +.........              (no amulet)
HPRegen 0.05/turn               (no ring)
MPRegen 0.08/turn               (no ring)

@: constricted
A: AC +4, unfitting armour, cold-blooded
a: no special abilities


You were on level 1 of the Dungeon.
You visited 1 branch of the dungeon, and saw 1 of its levels.

Inventory:

Hand Weapons
 a - a +0 club (weapon)
Armour
 b - a +0 pair of gloves (worn)
Scrolls
 c - a scroll of summoning


   Skills:
 + Level 1.1 Fighting
 + Level 1.7 Dodging
 + Level 3.0 Unarmed Combat
 * Level 1.0 Spellcasting
 + Level 3.1 Ice Magic


You had one spell level left.
You knew the following spells:

 Your Spells              Type           Power      Damage    Failure   Level
a - Freeze                Ice            32%        1d5       8%          1

Your spell library contained the following spells:

 Spells                   Type           Power      Damage    Failure   Level
 Ozocubu's Armour         Ice            8%         N/A       24%         3
 Summon Ice Beast         Ice/Summ       4%         N/A       83%         4


Dungeon Overview and Level Annotations

Branches:
Dungeon (1/15)

Altars:


Innate Abilities, Weirdness & Mutations

Your plain brown scales are hard. (AC +4)
You cannot fit into any form of body armour.
You are cold-blooded and may be slowed by cold attacks.


Message History

The ball python hisses angrily.
A bat comes into view.
The kobold shouts!
The bat barely misses you.
A rat comes into view.
The kobold barely misses you.
You barely miss the bat. The bat hits you but does no damage.
The kobold hits you with a +0 short sword.
The bat barely misses you.
You hit the bat. Your punch misses the bat.
The bat is severely wounded.
The bat barely misses you. The bat hits you but does no damage.
The kobold hits you with a +0 short sword.
The ball python closely misses you. The ball python grabs you.
The ball python constricts you.
The kobold hits you with a +0 short sword.
You hit the kobold but do no damage.
Your tail-slap misses the kobold.
The bat hits you but does no damage. x2; The bat barely misses you.
The ball python barely misses you. The ball python constricts you.
The kobold hits you with a +0 short sword.
You closely miss the kobold. The bat closely misses you.
The bat hits you but does no damage. x2; The ball python barely misses you.
The ball python constricts you. The kobold hits you but does no damage.
The bat hits you but does no damage. The ball python bites you.
* * * LOW HITPOINT WARNING * * *
The ball python constricts you.
You closely miss the kobold. The bat barely misses you.
The bat hits you but does no damage.
The kobold hits you with a +0 short sword.
* * * LOW HITPOINT WARNING * * *
The ball python bites you but does no damage.
The ball python constricts you. The bat barely misses you.
The rat bites you but does no damage.
The kobold hits you with a +0 short sword.
* * * LOW HITPOINT WARNING * * *
You hit the kobold.
The kobold is moderately wounded.
The bat hits you but does no damage. The bat barely misses you.
The ball python bites you.
You die...

#####.##.≈.##.....#
#......#...##.....#
#......#...##..<..#
#......#.8.##.....#
+......#...########
#......#####
#......#
######.#+##
#.....S@K.#
#......rb.#
#....b....#
#..........#
#..........#
#.>........#
.......?...#
.##.##.#.###


You could see 2 bats, a ball python, a kobold and a rat.

Vanquished Creatures
  An endoplasm (D:1)
1 creature vanquished.

Notes
Turn   | Place    | Note
-------+----------+-------------------------------------------
     0 | D:1      | Barneous the Draconian Wanderer began the quest for the
                  | Orb.
     0 | D:1      | Barneous set off with the following items: a +0 club, a +0
                  | pair of gloves, a scroll of summoning, a potion of
                  | attraction; and the following spell memorised: Freeze; and
                  | the following spells available to memorise: Ozocubu's
                  | Armour, Summon Ice Beast.
     0 | D:1      | Reached XP level 1. HP: 16/16 MP: 2/2
   143 | D:1      | Slain by a ball python

Illustrated notes

Levels and vault maps discovered:
D:1:      dpeg_arrival_rooms_c, layout_basic,
          hellmonk_ecumenical_altar_leap_of_faith

Action                   || total
-------------------------++-------
Melee: Club              ||     9
       Tailslap          ||     1
Armor: Skin              ||    12
Dodge: Dodged            ||    13
